AoeStats
← b95303076

Nomad

510386477Analyzed
2v2 RM · 19h ago on Sep 30, 2026· 37m 58s· 4 players
Game mode
Random Map
Map size
176×176
Population
200
Speed
Normal
Resources
Standard
Victory
Conquest
Starting age
Dark Age
Ending age
Imperial Age
RankedLock teamsTeams togetherTeam positionsShared explorationLock speedFull tech treeHidden civsTurbo modeCheats
Victory
Defeat
🇺🇸 Danes · United States
1413
+18
🇹🇼 Saxons · Taiwan
1379
+19
🇪🇸 Celts · Spain
1457
-19
🇪🇸 Varangians · Spain
1442
-18
meatfoot29
10:53 Loom
13:19 Feudal Age
13:56 Town Watch
17:24 Castle Age
16:31 Scale Mail Armor
16:19 Double-Bit Axe
18:41 Bow Saw
18:20 Fishing Lines
19:50 Horse Collar
26:32 Heavy Plow
30:04 Gold Mining
31:11 Chain Mail Armor
31:07 Forging
31:45 Wheelbarrow
b95303076
11:52 Feudal Age
12:23 Double-Bit Axe
16:09 Fletching
16:10 Gold Mining
17:26 Loom
20:39 Castle Age
21:33 Medium Warships
21:37 Bow Saw
23:41 Careening
24:30 Fishing Lines
25:29 Siphons
26:19 Horse Collar
27:44 Guard Tower
30:02 Wheelbarrow
33:13 Scale Mail Armor
35:41 Chain Mail Armor
37:20 Forging
37:59 Hand Cart
38:40 Hand Cart
elgrantato
4:36 Loom
13:15 Feudal Age
16:47 Castle Age
15:26 Double-Bit Axe
15:37 Fletching
16:03 Gold Mining
17:37 Bodkin Arrow
18:27 Medium Warships
22:13 Bow Saw
22:03 Fishing Lines
25:23 Clinker Construction
26:08 Ballistics
27:25 Careening
29:34 Stone Mining
35:25 Masonry
36:19 Squires
Caesar_Augusto
5:04 Loom
12:18 Feudal Age
17:35 Castle Age
15:32 Double-Bit Axe
16:46 Man-at-Arms
17:39 Scale Mail Armor
20:29 Fletching
21:31 Stone Mining
23:10 Crossbowman
27:19 Gold Mining
29:21 Bodkin Arrow
34:47 Ballistics
Connection lost

Rejoining the realm…

Still unreachable

The connection could not be restored.

Session expired

The server has moved on; the page needs a fresh start.